AoeStats
← LeMeow

MegaRandom

508177136Analyzed
2v2 RM · 12d ago on Sep 21, 2026· 23m 29s· 4 players
Game mode
Random Map
Map size
Medium (4 player)
Population
200
Speed
Normal
Resources
Standard
Victory
Conquest
Starting age
Dark Age
Ending age
Imperial Age
RankedLock teamsTeams togetherTeam positionsShared explorationLock speedFull tech treeHidden civsTurbo modeCheats
Victory
Defeat
🇲🇽 Britons · Mexico
1372
+13
🇲🇽 Khmer · Mexico
1328
+15
🇻🇳 Spanish · Vietnam
1329
-16
🇨🇳 Burgundians · China
1267
-12
eL| Barry_Allen
10:26 Feudal Age
8:42 Loom
14:48 Castle Age
13:34 Fishing Lines
14:32 Double-Bit Axe
16:50 Bow Saw
17:01 Horse Collar
18:07 Town Watch
20:46 Wheelbarrow
JonMar
11:12 Loom
13:03 Feudal Age
14:30 Double-Bit Axe
17:43 Castle Age
15:50 Fishing Lines
16:53 Town Watch
17:44 Wheelbarrow
17:24 Scale Barding Armor
18:23 Bloodlines
18:21 Horse Collar
19:19 Light Cavalry
20:00 Husbandry
20:17 Forging
24:21 Hand Cart
成全
8:44 Double-Bit Axe
13:15 Feudal Age
12:52 Fishing Lines
13:15 Gold Mining
13:50 Gillnets
14:17 Bow Saw
14:00 Gillnets
14:42 Loom
19:23 Castle Age
19:10 Gold Shaft Mining
18:26 Stone Mining
20:35 Stone Shaft Mining
20:51 Wheelbarrow
20:27 Scale Barding Armor
21:00 Medium Warships
20:31 Cavalier
21:23 Forging
21:13 Horse Collar
LeMeow
11:00 Feudal Age
9:18 Loom
12:44 Town Watch
13:42 Wheelbarrow
19:41 Castle Age
17:59 Stone Mining
19:56 Bloodlines
19:59 Forging
19:54 Scale Barding Armor
20:01 Double-Bit Axe
21:48 Iron Casting
Connection lost

Rejoining the realm…

Still unreachable

The connection could not be restored.

Session expired

The server has moved on; the page needs a fresh start.